 Dungeon Crawl Stone Soup version 0.19.1-1-g22dce08 (webtiles) character file.

2614 Nakatomy the Archer (level 9, -2/78 HPs)
             Began as a Centaur Hunter on Dec 28, 2016.
             Was a Believer of Okawaru.
             Slain by a killer bee (3 damage)
             ... on level 7 of the Dungeon.
             The game lasted 00:18:30 (9069 turns).

Nakatomy the Archer (Centaur Hunter)                Turns: 9069, Time: 00:18:31

Health: -2/78      AC:  8    Str: 15    XL:     9   Next: 34%
Magic:  9/9        EV:  9    Int: 10    God:    Okawaru [**....]
Gold:   428        SH:  0    Dex: 13    Spells: 0 memorised, 8 levels left

rFire  . . .     SeeInvis .     b - +2 trident (protect)
rCold  . . .     Gourm    +     c - +1 leather armour
rNeg   . . .     Faith    .     (no shield)
rPois  .         Spirit   .     e - +2 helmet
rElec  .         Reflect  .     (no cloak)
rCorr  .         Harm     .     (no gloves)
MR     .....                    (no barding)
Stlth  +.........               g - amulet of the gourmand
                                (no ring)
                                (no ring)

@: very quick
A: hooves 3, deformed body, speed 2, tough skin 3
a: Heroism, Renounce Religion


You were on level 7 of the Dungeon.
You worshipped Okawaru.
Okawaru was pleased with you.
You were very full.

You visited 2 branches of the dungeon, and saw 8 of its levels.
You also visited: Sewer.

You collected 428 gold pieces.

Inventory:

Hand Weapons
 a - a +1 shortbow
 b - a +2 trident of protection (weapon)
 C - the +9 great sword of Cuomion {venom, rC+ Int+7 Dex-4}
   (You found it on level 6 of the Dungeon)

   It poisons the flesh of those it strikes.
   It affects your intelligence (+7).
   It affects your dexterity (-4).
   It protects you from cold.
Missiles
 d - 35 arrows
Armour
 c - a +1 leather armour (worn)
 e - a +2 helmet (worn)
 F - a +0 pair of gloves
Jewellery
 g - an amulet of the gourmand (around neck)
 y - an uncursed ring of see invisible {unknown}
 D - a +2 ring of strength {unknown}
 K - an uncursed amulet of faith {unknown}
 N - a cursed amulet of inaccuracy {unknown}
Wands
 A - a wand of polymorph (9/24)
Scrolls
 h - 2 scrolls of immolation
 j - 2 scrolls of amnesia
 k - 8 scrolls of enchant armour
 q - 3 scrolls of teleportation
 r - 11 scrolls of identify
 v - a scroll of remove curse
 w - 2 scrolls of noise
 x - a scroll of fear
 H - a scroll of torment {unknown}
 L - a scroll of random uselessness {unknown}
 M - 3 scrolls of enchant weapon {unknown}
Potions
 l - 4 potions of agility {unknown}
 m - a potion of flight {unknown}
 n - 6 potions of might
 o - 2 potions of berserk rage {unknown}
 s - a potion of brilliance {unknown}
 t - 4 potions of heal wounds
 B - a potion of invisibility {unknown}
 E - a potion of resistance {unknown}
 G - 2 potions of curing
 J - a potion of magic {unknown}
Books
 p - a book of Cantrips

   Spells                             Type                      Level
   a - Confusing Touch                Hexes                        1
   b - Animate Skeleton               Necromancy                   1
   c - Summon Small Mammal            Summoning                    1
   d - Apportation                    Translocation                1
 I - a book of Debilitation

   Spells                             Type                      Level
   a - Corona                         Hexes                        1
   b - Slow                           Hexes                        2
   c - Gell's Gravitas                Hexes/Translocation          3
   d - Inner Flame                    Hexes/Fire                   3
   e - Cause Fear                     Hexes                        4
   f - Leda's Liquefaction            Hexes/Earth                  4
Comestibles
 f - 8 bread rations
 i - 6 meat rations
 u - 3 beef jerkies
 z - a slice of pizza


   Skills:
 + Level 6.6 Fighting
 + Level 4.8 Polearms
 * Level 13.0 Bows
 - Level 1.3 Dodging
 - Level 0.4 Stealth


You had 8 spell levels left.
You didn't know any spells.

Dungeon Overview and Level Annotations

Branches:
Dungeon (7/15)             Temple (1/1) D:5

Altars:
Ashenzari
Dithmenos
Fedhas
Gozag
Hepliaklqana
Kikubaaqudgha
Makhleb
Nemelex Xobeh
Okawaru
Qazlal
Ru
Sif Muna
Trog
Vehumet
Xom
Yredelemnul
Zin
The Shining One

Shops:
D:4 *


Innate Abilities, Weirdness & Mutations

You have hooves in place of feet.
Armour fits poorly on your strangely shaped body.
You cover ground very quickly.
You have extremely tough skin. (AC +3)


Message History

Unknown command.
Unknown command.
Unknown command.
The killer bee stings you but does no damage.
The killer bee stings you.
* * * LOW HITPOINT WARNING * * *
The killer bee stings you.
* * * LOW HITPOINT WARNING * * *
The killer bee stings you but does no damage.
The killer bee stings you.
* * * LOW HITPOINT WARNING * * *
Your +2 trident of protection hums with potential!
b - a +2 trident of protection (weapon)
The killer bee barely misses you.
You miss the killer bee. Your kick misses the killer bee.
The killer bee is heavily wounded.
The killer bee stings you.
* * * LOW HITPOINT WARNING * * *
The killer bee stings you.
You die...

###...## ####.## #^..####
#...... ##.....l######.##.##
#######...###z.z((.z.##.#.
#....#..#.#...#######†....
#.#.....l.z.#.# ##.#.##
##.##.#.##z###.# ####..#...
#...###.##y# #.###.......##
####'####.##@# #...|...###.#.
##.#...#.##...###....####
#... #_.'.⌠.'._##..##...###
##... ##.#...#.##...#....##
###....
####'####...).).#..####......
#...###....[.###......##...
##_##.....#...##..######...
###..#...###..............
##...#...# ##....######...


You could see a killer bee, 2 wights and a leopard gecko.

Vanquished Creatures
  Pikel (D:7)
  A hippogriff (D:7)
  An ice beast (D:5)
  An orc warrior (D:7)
  2 sky beasts
  2 ogres
  2 centaurs
  A big kobold (Sewer)
  A scorpion (D:5)
  3 killer bees (D:7)
  A wight (D:7)
  An electric eel (D:6)
  2 howler monkeys
  A crimson imp (D:5)
  2 centaur zombies (D:5)
  A jelly (D:6)
  Crazy Yiuf (D:6)
  A hound (D:5)
  3 orc wizards
  An iguana (D:4)
  5 worker ants
  Terence (D:3)
  7 adders
  7 gnolls
  9 river rats
  2 shadow imps (D:7)
  2 oozes
  2 worms
  13 dart slugs
  4 leopard geckos
  25 orcs
  6 ball pythons
  6 giant cockroaches
  14 goblins
  5 hobgoblins
  2 jackals
  5 quokkas
  8 bats
  5 frilled lizards
  A giant cockroach zombie (D:5)
  A jackal skeleton (D:4)
  22 kobolds
  2 leopard gecko skeletons (D:5)
  A quokka skeleton (D:4)
  26 rats
210 creatures vanquished.

Vanquished Creatures (others)
  2 slaves (D:7)
  A killer bee (D:7)
3 creatures vanquished.

Grand Total: 213 creatures vanquished

Notes
Turn   | Place    | Note
-------+----------+-------------------------------------------
     0 | D:1      | Nakatomy the Centaur Hunter began the quest for the Orb.
     0 | D:1      | Reached XP level 1. HP: 17/17 MP: 1/1
   448 | D:1      | Reached XP level 2. HP: 18/24 MP: 2/2
   933 | D:1      | Reached skill level 6 in Bows
  1128 | D:2      | Reached XP level 3. HP: 27/30 MP: 3/3
  1219 | D:2      | Found a faded altar of an unknown god.
  2142 | D:3      | Reached XP level 4. HP: 28/37 MP: 4/4
  2320 | D:3      | Reached skill level 7 in Bows
  2330 | D:3      | Noticed Terence
  2354 | D:3      | Killed Terence
  3064 | D:3      | Noticed an ogre
  3066 | D:3      | Reached XP level 5. HP: 45/45 MP: 5/5
  3085 | D:3      | Killed an ogre
  3085 | D:3      | Reached skill level 8 in Bows
  3696 | D:4      | Reached XP level 6. HP: 32/52 MP: 6/6
  4276 | D:4      | Found Tiblit's Assorted Antiques.
  4592 | D:5      | Entered Level 5 of the Dungeon
  4607 | D:5      | Reached skill level 1 in Polearms
  4607 | D:5      | Reached skill level 9 in Bows
  4652 | D:5      | Noticed an ice beast
  4663 | D:5      | Killed an ice beast
  4826 | D:5      | Reached XP level 7. HP: 46/59 MP: 7/7
  5177 | D:5      | Reached skill level 10 in Bows
  5476 | D:5      | Found a staircase to the Ecumenical Temple.
  5673 | Temple   | Entered the Ecumenical Temple
  5856 | Temple   | Became a worshipper of Warmaster Okawaru
  6045 | D:5      | Found a glowing golden altar of the Shining One.
  6209 | D:5      | Reached skill level 5 in Fighting
  6266 | D:6      | Found a runed door.
  6308 | D:6      | Got a crude great sword
  6309 | D:6      | Identified the +9 great sword of Cuomion {venom, rC+ Int+7 Dex-4} (You found it on level 6 of the Dungeon)
  6341 | D:6      | Reached XP level 8. HP: 47/68 MP: 8/8
  6623 | D:6      | Found a glowing drain.
  6639 | Sewer    | Entered a sewer
  7042 | Sewer    | Reached skill level 11 in Bows
  7757 | D:6      | Reached * piety under Okawaru
  8062 | D:6      | Noticed Crazy Yiuf
  8071 | D:6      | Killed Crazy Yiuf
  8490 | D:7      | Reached skill level 12 in Bows
  8813 | D:7      | Noticed a hippogriff
  8850 | D:7      | Killed a hippogriff
  8850 | D:7      | Reached XP level 9. HP: 75/75 MP: 9/9
  8904 | D:7      | Found an opulent altar of Gozag.
  8910 | D:7      | Found a basalt altar of Yredelemnul.
  8913 | D:7      | Found a radiant altar of Vehumet.
  8931 | D:7      | Noticed Pikel
  9001 | D:7      | Killed Pikel
  9001 | D:7      | Reached ** piety under Okawaru
  9015 | D:7      | Reached skill level 13 in Bows
  9069 | D:7      | HP: 1/78 [killer bee (4)]
  9069 | D:7      | Slain by a killer bee

Skill      XL: |  1  2  3  4  5  6  7  8  9 |
---------------+----------------------------+-----
Bows           | 6 7 8 9 10 12 13 | 13.0
Fighting       | 3 4 5 6 |  6.6
Polearms       | 1 3 4 |  4.8
Dodging        | |  1.3
Stealth        | |  0.4

Action                   |  1- 3 |  4- 6 |  7- 9 || total
-------------------------+-------+-------+-------++-------
Melee: Short sword       |   160 |    25 |       ||   185
       Kick              |    33 |    30 |    78 ||   141
       Trident           |       |   112 |   365 ||   477
 Fire: Shortbow          |    20 |    47 |   106 ||   173
  Use: Scroll            |       |       |     8 ||     8
       Potion            |       |       |     3 ||     3
  Eat: Chunk             |    15 |     6 |    11 ||    32
Armor: Leather armour    |    69 |    48 |   230 ||   347
Dodge: Dodged            |    71 |    55 |   188 ||   314
